 Dungeon Crawl Stone Soup version 0.26-a0-958-gf3041fb45f (webtiles) character file.

Game seed: 9753629646924236584

3 miscthings the Vexing (level 1, -1/13 HPs)
             Began as a Vampire Enchanter on Nov 30, 2020.
             Slain by a rat (2 damage)
             ... on level 2 of the Dungeon.
             The game lasted 00:00:31 (105 turns).

miscthings the Vexing (Vampire Enchanter)            Turns: 105, Time: 00:00:31

Health: -1/13      AC:  2    Str:  7    XL:     1   Next: 41%
Magic:  2/3        EV: 12    Int: 17    God:
Gold:   0          SH:  0    Dex: 14    Spells: 3/4 levels left

rFire    . . .     SeeInvis +   a - +1 dagger
rCold    . . .     Faith    .   (no shield)
rNeg     . . .     Spirit   .   b - +0 robe
rPois    .         Reflect  .   (no helmet)
rElec    .         Harm     .   (no cloak)
rCorr    .         Rampage  .   (no gloves)
MR       .....                  (no boots)
Stlth    +++.......             (no amulet)
HPRegen  0.24/turn              (no ring)
MPRegen  0.08/turn              (no ring)

@: lethally poisoned (-1 -> -4), regenerating quickly, hasted, very quick
A: fangs 3, see invisible, unbreathing
a: Exsanguinate


You were on level 2 of the Dungeon.
You visited 1 branch of the dungeon, and saw 2 of its levels.

Inventory:

Hand Weapons
 a - a +1 dagger (weapon)
Armour
 b - a +0 robe (worn)
Potions
 c - a potion of haste
 d - a potion of heal wounds {unknown}
 e - a potion of attraction {unknown}


   Skills:
 - Level 1.1 Short Blades
 - Level 2.1 Dodging
 - Level 4.4 Stealth
 + Level 2.0 Spellcasting
 + Level 4.7 Hexes


You had 3 spell levels left.
You knew the following spells:

 Your Spells              Type           Power        Failure   Level
a - Corona                Hex            ###....      2%          1

Your spell library contained the following spells:

 Spells                   Type           Power        Failure   Level
 Confusing Touch          Hex            ###.....     9%          3
 Tukima's Dance           Hex            ###.....     9%          3
 Ensorcelled Hibernation  Hex/Ice        #.....       11%         2
 Dazzling Flash           Conj/Hex       #.....       22%         3


Dungeon Overview and Level Annotations

Branches:
Dungeon (1/15)

Altars:


Innate Abilities, Weirdness & Mutations

Your natural rate of healing is unusually fast.
You have razor-sharp teeth.
You have supernaturally acute eyesight. (SInv)
You can survive without breathing.


Message History

You closely miss the adder.
The adder is heavily wounded.
The adder barely misses you.
You barely miss the adder.
The adder is heavily wounded.
The adder misses you. The adder bites you.
You hit the adder.
The adder is severely wounded.
You feel sick. The adder bites you.
* * * LOW HITPOINT WARNING * * *
You are lethally poisoned!
The adder poisons you! The rat bites you.
* * * LOW HITPOINT WARNING * * *
The adder stops glowing.
The adder closely misses you.
* * * LOW HITPOINT WARNING * * *
You feel sick. The adder misses you.
The rat twitches its whiskers.
It was a potion of haste.
You feel yourself speed up. The adder closely misses you. The rat bites you.
You die...

## .. . ####### .#####
#####.#...##..>...
######.......@r.....###
#........#....S.......#
#.####...##.#.####....#
#.# ######.#.# .... #.#
#S#.# ♣. ###.#######
#.#.# #..)....... #.#.#
#.#.####### #.#.# #.#.#
#.#


You could see an adder and a rat.

Vanquished Creatures
  2 hobgoblins (D:2)
  A rat (D:1)
3 creatures vanquished.

Notes
Turn   | Place    | Note
-------+----------+-------------------------------------------
     0 | D:1      | miscthings the Vampire Enchanter began the quest for the
                  | Orb.
     0 | D:1      | Reached XP level 1. HP: 13/13 MP: 3/3
    37 | D:1      | You fall into a shaft and drop 1 floor!
   105 | D:2      | Slain by a rat

Illustrated notes

Levels and vault maps discovered:
D:1:      denvon_arrival_waterhouse, layout_loops_ring, tso_metal_star
D:2:      layout_loops_ring, nicolae_ru_the_path_less_chosen,
          chequers_ecumenical_altar_simple_redux, eino_tiny_chamber

Action                   || total
-------------------------++-------
Melee: Dagger            ||    19
       Bite              ||     1
 Cast: Corona            ||     2
  Use: Potion            ||     1
Armor: Robe              ||     1
Dodge: Dodged            ||    16

Table legend: (Time is in decaauts)
 A = Elapsed time spent in this place.
 B = Non-inter-level travel time spent in this place.
 C = Inter-level travel time spent in this place.
 D = Time resting spent in this place.
 E = Time spent auto-exploring this place.
 F = Levels seen in this place.
 G = Mean time per level.
                   A        B        C        D        E       F      G
               +--------+--------+--------+--------+--------+-----+--------+
         Total |    104 |    104 |      0 |      0 |     27 |   2 |   52.0 |
       Dungeon |    104 |    104 |      0 |      0 |     27 |   2 |   52.0 |
               +--------+--------+--------+--------+--------+-----+--------+

Top non-repeatable levels by time:
     D:2: 67 daAuts
     D:1: 36 daAuts
